 Dungeon Crawl Stone Soup version 0.27.0-1-g7a089689b8 (webtiles) character file.

Game seed: 6161567556599670612

253 ZARRMARR the Ruffian (level 5, 0/46 HPs)
             Began as a Troll Hedge Wizard on Aug 5, 2021.
             Slain by a steam dragon (6 damage)
             ... on level 4 of the Dungeon.
             The game lasted 00:11:33 (2990 turns).

ZARRMARR the Ruffian (Troll Hedge Wizard)           Turns: 2990, Time: 00:11:34

Health: 0/46       AC:  4    Str: 18    XL:     5   Next: 90%
Magic:  6/8        EV: 10    Int: 11    God:
Gold:   133        SH:  0    Dex:  9    Spells: 8/9 levels left

rFire    + . .     SeeInvis .     - Unarmed
rCold    + . .     Faith    .   (no shield)
rNeg     . . .     Spirit   .   b - +0 robe
rPois    .         Reflect  .   c - +0 hat
rElec    .         Harm     .   a - scarf {rC+ rF+}
rCorr    .         Rampage  .   (gloves unavailable)
Will     .....                  (boots unavailable)
Stlth    +.........             (no amulet)
HPRegen  1.15/turn              (no ring)
MPRegen  0.11/turn              (no ring)

@: no status effects
A: large, unfitting armour, claws 3, regeneration 1, shaggy fur 1, tough skin 1
a: no special abilities


You were on level 4 of the Dungeon.
You visited 1 branch of the dungeon, and saw 4 of its levels.

You collected 133 gold pieces.

Inventory:

Missiles
 h - a throwing net
Armour
 a - a scarf of resistance (worn)
 b - a +0 robe (worn)
 c - a +0 hat (worn)
Scrolls
 e - 2 scrolls of blinking
 i - a scroll of magic mapping {unknown}
Potions
 d - a potion of degeneration {unknown}
 f - 2 potions of invisibility
 g - a potion of attraction {unknown}


   Skills:
 + Level 0.6 Fighting
 + Level 2.3 Dodging
 + Level 1.4 Stealth
 + Level 3.1 Unarmed Combat
 + Level 2.8 Spellcasting
 + Level 1.4 Conjurations
 + Level 0.6 Summonings
 + Level 0.6 Translocations


You had 8 spell levels left.
You knew the following spells:

 Your Spells              Type           Power      Damage    Failure   Level
a - Magic Dart            Conj           16%        1d3       16%         1

Your spell library contained the following spells:

 Spells                   Type           Power      Damage    Failure   Level
 Blink                    Tloc           N/A        N/A       32%         2
 Call Imp                 Summ           2%         N/A       32%         2
 Ensorcelled Hibernation  Hex/Ice        2%         N/A       38%         2
 Slow                     Hex            1%         N/A       38%         2
 Conjure Flame            Conj/Fire      3%         6-21      52%         3
 Mephitic Cloud           Conj/Pois/Air  2%         N/A       56%         3
 Spider Form              Tmut/Pois      0%         N/A       63%         3
 Shadow Creatures         Summ           N/A        N/A       100%        6


Dungeon Overview and Level Annotations

Branches:
Dungeon (4/15)
 Temple: D:4-7

Altars:
Fedhas
Kikubaaqudgha
Qazlal

Annotations:
D:3 1 runed translucent door, Crazy Yiuf, Terence


Innate Abilities, Weirdness & Mutations

You are too large for most types of armour.
You have claws for hands.
Your natural rate of healing is unusually fast.
You are covered in fur. (AC +1)
You have tough skin. (AC +1)


Message History

The steam dragon is lightly wounded.
The steam dragon closely misses you. The steam dragon barely misses you.
You scratch the steam dragon but do no damage.
The steam dragon is lightly wounded.
The steam dragon breathes steam at you. The ball of steam hits you. You resist.
You claw the steam dragon!
The steam dragon is heavily wounded.
The steam dragon bites you. The steam dragon closely misses you.
You scratch the steam dragon.
The steam dragon is heavily wounded.
The steam dragon bites you. The steam dragon claws you.
You scratch the steam dragon.
The steam dragon is heavily wounded.
The steam dragon completely misses you. The steam dragon claws you.
You scratch the steam dragon.
The steam dragon is severely wounded.
The steam dragon bites you. The steam dragon barely misses you.
You scratch the steam dragon but do no damage.
The steam dragon is severely wounded.
The steam dragon bites you! The steam dragon closely misses you.
You barely miss the steam dragon.
The steam dragon is severely wounded.
The steam dragon bites you. The steam dragon claws you.
You scratch the steam dragon but do no damage.
The steam dragon is severely wounded.
You barely miss the steam dragon.
The steam dragon is severely wounded.
The steam dragon breathes steam at you. The ball of steam hits you! You resist.
You barely miss the steam dragon.
The steam dragon is severely wounded.
The steam dragon bites you!
* * * LOW HITPOINT WARNING * * *
The steam dragon claws you.
* * * LOW HITPOINT WARNING * * *
You scratch the steam dragon.
The steam dragon is almost dead.
The steam dragon bites you.
You die...

.......
.(.....##
........#
........#
........#######
........#<....#
.....§.l#.....#
#D#.######
#@#......#
#§#..###.#
#§#..# #.#
#.######.#
#........#
##########


You could see a steam dragon and an iguana.

Vanquished Creatures
  An ogre (D:3)
  Natasha (D:2)
  5 adders (D:3)
  4 gnolls (D:3)
  A worm (D:2)
  An orc (D:3)
  6 bats
  3 endoplasms
  5 goblins
  5 hobgoblins
  6 jackals
  4 quokkas
  10 ball pythons
  A frilled lizard (D:1)
  3 kobolds
  3 rats
59 creatures vanquished.

Notes
Turn   | Place    | Note
-------+----------+-------------------------------------------
     0 | D:1      | ZARRMARR the Troll Hedge Wizard began the quest for the
                  | Orb.
     0 | D:1      | Reached XP level 1. HP: 16/16 MP: 2/2
    47 | D:1      | Found a stormy altar of Qazlal.
   103 | D:1      | Reached XP level 2. HP: 24/24 MP: 0/4
   433 | D:1      | Reached skill level 1 in Unarmed Combat
   786 | D:1      | Found a faded altar of an unknown god.
   978 | D:2      | Reached XP level 3. HP: 31/31 MP: 1/5
  1255 | D:2      | Found a blossoming altar of Fedhas.
  1349 | D:2      | Noticed Natasha
  1356 | D:2      | Killed Natasha
  1847 | D:3      | Reached skill level 1 in Conjurations
  1847 | D:3      | Reached XP level 4. HP: 39/39 MP: 6/6
  1880 | D:3      | Noticed an ogre
  1886 | D:3      | HP: 1/39 [ogre (23)]
  1927 | D:3      | Killed an ogre
  1928 | D:3      | Reached skill level 2 in Unarmed Combat
  1928 | D:3      | Reached XP level 5. HP: 10/46 MP: 6/8
  2114 | D:3      | Noticed Terence
  2287 | D:3      | Found a runed translucent door.
  2288 | D:3      | Noticed Crazy Yiuf
  2549 | D:3      | Found an ancient bone altar of Kikubaaqudgha.
  2623 | D:3      | Reached skill level 3 in Unarmed Combat
  2969 | D:4      | Noticed a steam dragon
  2990 | D:4      | Slain by a steam dragon

Illustrated notes

Levels and vault maps discovered:
D:1:      lightli_arrival_flooded_house, layout_basic, basic_ecumenical_altar,
          kennysheep_doodads, hangedman_decor_lopped, kennysheep_flooded_box,
          minmay_split_cup_large
D:2:      layout_loops_ring, basic_altar, uniq_natasha
D:3:      kb_forest_paths, layout_loops_ring,
          nicolae_kikubaaqudgha_miasma_corner, serial_glass, glass_columns_c,
          glass_columns_c, minmay_fractal_squares_gapless_5,
          uniq_crazy_yiuf_cottage, uniq_terence
D:4:      cheibrodos_old_hovel, layout_basic, cheibrodos_sewer_entry_sluice,
          ebering_ghost_rock_garden, uniq_eustachio

Skill      XL: |  1  2  3  4  5 |
---------------+----------------+-----
Unarmed Combat | 1 2 3 |  3.1
Dodging        | 2 |  2.3
Conjurations   | 1 |  1.4
Fighting       | |  0.6
Stealth        | |  1.4
Spellcasting   | |  2.8
Summonings     | |  0.6
Translocations | |  0.6

Action                   |  1- 3 |  4- 6 || total
-------------------------+-------+-------++-------
Melee: Unarmed           |    70 |    90 ||   160
 Cast: Magic Dart        |    32 |    34 ||    66
  Use: Scroll            |     3 |     1 ||     4
 Stab: Distracted        |     1 |       ||     1
Armor: Robe              |    34 |    12 ||    46
Dodge: Dodged            |    26 |    36 ||    62
